 Dungeon Crawl Stone Soup version 0.25.1-1-g288607f (webtiles) character file.

Game seed: 13764953588418698240

1901 RonnieColeman the Thaumaturge (level 9, -8/57 HPs)
             Began as an Octopode Conjurer on Sept 12, 2020.
             Was an Initiate of Sif Muna.
             Mangled by a komodo dragon (10 damage)
             ... on level 7 of the Dungeon.
             The game lasted 00:12:32 (7438 turns).

RonnieColeman the Thaumaturge (Octopode Conjurer)   Turns: 7438, Time: 00:12:33

Health: -8/57      AC:  1    Str:  7    XL:     9   Next: 15%
Magic:  18/21      EV: 13    Int: 24    God:    Sif Muna [......]
Gold:   298        SH:  0    Dex: 13    Spells: 22/25 levels left

rFire    + . .     SeeInvis .   c - +1 short sword
rCold    . . .     Gourm    .   (no shield)
rNeg     . . .     Faith    .   (helmet restricted)
rPois    +         Spirit   .   p - amulet "Risa" {RegenMP Int+4 Stlth+}
rElec    .         Reflect  .   e - ring of protection from fire
rCorr    .         Harm     .   k - ring of poison resistance
MR       .....                  t - ring of stealth
Stlth    +++++.....             (no ring)
HPRegen  0.19/turn              (no ring)
MPRegen  0.42/turn              (no ring)
                                (no ring)
                                (no ring)

@: no status effects
A: almost no armour, stealthy swim, amphibious, 8 rings, constrict 8, camouflage
1, gelatinous body 1
a: Renounce Religion


You were on level 7 of the Dungeon.
You worshipped Sif Muna.
Sif Muna was noncommittal.
You were not hungry.

You visited 2 branches of the dungeon, and saw 8 of its levels.

You collected 438 gold pieces.
You spent 140 gold pieces at shops.

Inventory:

Hand Weapons
 c - a +1 short sword (weapon)
Jewellery
 a - an uncursed amulet of the acrobat
 e - a ring of protection from fire (left tentacle)
 k - a ring of poison resistance (right tentacle)
 p - the amulet "Risa" (around mantle) {RegenMP Int+4 Stlth+}
   (You bought it in a shop on level 4 of the Dungeon)

   [amulet of magic regeneration]

   It increases your magic regeneration.
   It affects your intelligence (+4).
   It makes you more stealthy.
 t - a ring of stealth (on tentacle)
Wands
 h - a wand of enslavement (22)
 r - a wand of disintegration (11)
Scrolls
 d - 3 scrolls of identify
 f - 9 scrolls of teleportation
 i - a scroll of remove curse
 l - 2 scrolls of blinking
 m - a scroll of enchant weapon
 q - a scroll of fog
 s - a scroll of magic mapping
Potions
 g - 8 potions of curing
 j - a potion of lignification
 n - a potion of ambrosia
Comestibles
 b - 14 rations
 o - 4 chunks of flesh


   Skills:
 + Level 3.5 Fighting
 - Level 2.0 Dodging
 - Level 2.6 Stealth
 * Level 8.5 Spellcasting
 + Level 7.4 Conjurations


You had 22 spell levels left.
You knew the following spells:

 Your Spells              Type           Power        Failure   Level  Hunger
a - Magic Dart            Conj           ####         1%          1    None
b - Searing Ray           Conj           #####.       1%          2    None

Your spell library contained the following spells:

 Spells                   Type           Power        Failure   Level  Hunger
 Dazzling Flash           Conj/Hex       ####..       4%          3    None
 Beastly Appendage        Tmut           ##....       6%          1    None
 Summon Small Mammal      Summ           ##..         6%          1    None
 Call Imp                 Summ           ##......     10%         2    None
 Sticks to Snakes         Tmut           ##......     10%         2    None
 Fulminant Prism          Conj/Hex       ####......   13%         4    ##.....
 Iskenderun's Mystic Bla  Conj/Tloc      ####....     13%         4    ##.....
 Call Canine Familiar     Summ           ##......     19%         3    None
 Confusing Touch          Hex            ##......     19%         3    None
 Gell's Gravitas          Tloc           ##........   19%         3    None
 Spider Form              Tmut/Pois      ##........   19%         3    None
 Summon Guardian Golem    Hex/Summ       ##......     19%         3    None
 Ice Form                 Ice/Tmut       ##......     52%         4    ##.....
 Petrify                  Tmut/Erth      ##......     52%         4    ##.....
 Summon Ice Beast         Ice/Summ       ##......     52%         4    ##.....
 Summon Lightning Spire   Summ/Air       ##......     52%         4    ##.....
 Blade Hands              Tmut           ##........   86%         5    ####...
 Metabolic Englaciation   Hex/Ice        ##........   86%         5    ####...
 Yara's Violent Unravell  Hex/Tmut       ##........   86%         5    ####...


Dungeon Overview and Level Annotations

Branches:
Dungeon (7/15)             Temple (1/1) D:7

Altars:
Ashenzari
Cheibriados
Dithmenos
Elyvilon
Fedhas
Gozag
Hepliaklqana
Kikubaaqudgha
Makhleb
Okawaru
Ru
Sif Muna
Trog
Uskayaw
Vehumet
Wu Jian
Xom
Yredelemnul
Zin
The Shining One

Shops:
D:4 *


Innate Abilities, Weirdness & Mutations

You cannot wear most types of armour.
You are very stealthy in the water. (Stealth+)
You are amphibious.
You can wear up to eight rings at the same time.
You can use your tentacles to constrict eight enemies at once.
Your skin changes colour to match your surroundings (Stealth+).
Your rubbery body absorbs attacks. (AC +1, EV +1)


Message History

The komodo dragon bites you!!
Ouch! That really hurt!
* * * LOW HITPOINT WARNING * * *
Casting: Searing Ray (safe; 1% risk of failure)
Confirm with . or Enter, or press ? or * to list all spells.
Aiming: Searing Ray (safe; 1% risk of failure)
Press: ? - help, Shift-Dir - straight line, f/p - komodo dragon
Aim: a komodo dragon (severely wounded)
The searing ray hits the komodo dragon.
The komodo dragon is severely wounded. (Press . to maintain the ray.)
The komodo dragon closely misses you.
The searing ray hits the komodo dragon.
The komodo dragon is almost dead.
The komodo dragon bites you!
* * * LOW HITPOINT WARNING * * *
The searing ray hits the komodo dragon.
The komodo dragon is almost dead.
The komodo dragon bites you!
You die...

##... .# ...###.### #........
#....#.### . #......... ..
#....#.#### ... #........[
#... #)..#..### #.... #.l@...#
......#####..#...########
......'......#)..#......######
......#####)##...#......'.....
..... #.)....#......######
.... #####............... ###
#.####.######### #.# #.# #.#
#.#


You could see a komodo dragon.

Vanquished Creatures
  Sigmund (D:4)
  Menkaure (D:4)
  Edmund (D:4)
  A necrophage (D:6)
  3 ogres
  2 bullfrogs
  A scorpion (D:7)
  3 killer bees (D:7)
  3 howler monkeys
  2 crimson imps
  A centaur zombie (D:5)
  Crazy Yiuf (D:4)
  3 hounds
  An orc wizard (D:7)
  An orc priest (D:7)
  Natasha (thrice) (D:4)
  2 iguanas (D:7)
  5 worker ants
  A hound zombie (D:6)
  A howler monkey zombie (D:6)
  A worker ant zombie (D:5)
  8 adders
  2 howler monkey skeletons
  A shadow imp (D:6)
  3 oozes
  2 worms
  6 leopard geckos
  9 orcs
  5 giant cockroaches
  3 hobgoblins
  4 jackals
  2 quokkas (D:5)
  7 bats
  3 frilled lizards (D:2)
  5 goblins
  4 kobolds
  2 quokka skeletons (D:6)
  7 rats
111 creatures vanquished.

Notes
Turn   | Place    | Note
-------+----------+-------------------------------------------
     0 | D:1      | RonnieColeman the Octopode Conjurer began the quest for the
                  | Orb.
     0 | D:1      | Reached XP level 1. HP: 11/11 MP: 3/3
   427 | D:1      | Reached XP level 2. HP: 12/17 MP: 0/5
   846 | D:2      | Found a shattered altar of Ashenzari.
   963 | D:2      | Reached XP level 3. HP: 17/21 MP: 0/7
  1150 | D:2      | Reached skill level 3 in Spellcasting
  1561 | D:2      | Learned a level 2 spell: Searing Ray
  1844 | D:2      | Reached XP level 4. HP: 27/27 MP: 9/9
  2100 | D:3      | Found an ornate altar of the Wu Jian Council.
  2500 | D:3      | Reached XP level 5. HP: 31/31 MP: 7/10
  2545 | D:3      | Reached skill level 4 in Spellcasting
  2712 | D:3      | Found a white marble altar of Elyvilon.
  3143 | D:4      | Noticed Natasha
  3221 | D:4      | Killed Natasha
  3257 | D:4      | Noticed Natasha
  3264 | D:4      | Killed Natasha
  3264 | D:4      | Reached skill level 5 in Conjurations
  3305 | D:4      | Noticed Menkaure
  3316 | D:3      | Reached XP level 6. HP: 31/36 MP: 4/13
  3384 | D:4      | Killed Menkaure
  3384 | D:4      | Reached skill level 5 in Spellcasting
  3419 | D:4      | Noticed Natasha
  3427 | D:4      | Killed Natasha
  3820 | D:4      | Found a runed translucent door.
  3821 | D:4      | Noticed Crazy Yiuf
  3827 | D:4      | Killed Crazy Yiuf
  3827 | D:4      | Reached XP level 7. HP: 41/41 MP: 11/15
  3943 | D:4      | Noticed Sigmund
  3944 | D:4      | Noticed Edmund
  3945 | D:4      | Found Huxkibb's Assorted Antiques.
  3952 | D:4      | Killed Sigmund
  3952 | D:4      | Reached skill level 6 in Spellcasting
  3971 | D:4      | Killed Edmund
  4001 | D:4      | Bought a transparent platinum amulet for 140 gold pieces
  4002 | D:4      | Identified the amulet "Risa" {RegenMP Int+4 Stlth+} (You
                  | bought it in a shop on level 4 of the Dungeon)
  4218 | D:5      | Entered Level 5 of the Dungeon
  4638 | D:5      | Reached XP level 8. HP: 20/46 MP: 15/18
  4827 | D:5      | Found a sacrificial altar of Ru.
  5086 | D:5      | Reached skill level 7 in Spellcasting
  5112 | D:5      | Reached skill level 1 in Fighting
  6172 | D:6      | Found a hide-covered altar of Uskayaw.
  6219 | D:6      | Found a snail-covered altar of Cheibriados.
  6219 | D:6      | Found a burning altar of Makhleb.
  6537 | D:7      | Reached skill level 8 in Spellcasting
  6559 | D:7      | Reached XP level 9. HP: 56/56 MP: 17/21
  6767 | D:7      | Found a staircase to the Ecumenical Temple.
  6784 | Temple   | Entered the Ecumenical Temple
  6899 | Temple   | Became a worshipper of Sif Muna the Loreminder
  7424 | D:7      | Noticed a komodo dragon
  7437 | D:7      | HP: 2/57 [komodo dragon (15)]
  7438 | D:7      | Mangled by a komodo dragon

Illustrated notes

Levels and vault maps discovered:
D:1:      psy_arrival_fountain, layout_rooms
D:2:      layout_loops_ring, minmay_misc_feat_rows, ashenzari_altar_1
D:3:      layout_basic, overflow_temple_1_default, elyvilon_altar_5
D:4:      layout_rooms, first_ration, serial_shops,
          nicolae_shop_overgrown_old_shop, chequers_serial_rivers_small_3,
          uniq_natasha, uniq_crazy_yiuf_cottage, uniq_menkaure, uniq_edmund,
          uniq_sigmund
D:5:      layout_cave_pods, nicolae_overflow_crystal_walls, serial_park,
          serial_park_tiny_1, serial_park_tiny_2, serial_park_square2
D:6:      layout_basic, lemuel_round_altar, gammafunk_temple_overflow_elements
D:7:      layout_basic, minmay_temple_entry_glass
Temple:   eino_temple_water

Skill      XL: |  1  2  3  4  5  6  7  8 |
---------------+-------------------------+-----
Spellcasting   | 3 4 5 6 8 |  8.5
Conjurations   | 5 6 7 |  7.4
Fighting       | 3 |  3.5
Dodging        | |  2.0
Stealth        | |  2.6

Action                   |  1- 3 |  4- 6 |  7- 9 || total
-------------------------+-------+-------+-------++-------
Melee: Short sword       |    53 |    44 |    41 ||   138
       Constrict         |    10 |     9 |     6 ||    25
       Tentacles         |     8 |     1 |     7 ||    16
       Club              |     1 |       |       ||     1
       Unarmed           |     1 |       |       ||     1
 Cast: Magic Dart        |    23 |    25 |    17 ||    65
       Searing Ray       |       |    14 |    40 ||    54
  Use: Scroll            |     6 |     3 |     3 ||    12
 Stab: Sleeping          |     9 |     6 |     5 ||    20
  Eat: Chunk             |     2 |     7 |    11 ||    20
Armor: Skin              |     5 |     4 |     2 ||    11
Dodge: Dodged            |    48 |    46 |    52 ||   146
